 Dungeon Crawl Stone Soup version 0.31.0-12-g77e489cdc1 (webtiles) character file.

Game seed: 10797816967442024695

8237 112233 the Mimic (level 11, -3/91 HPs)
             Began as a Demonspawn Shapeshifter on Feb 12, 2024.
             Was an Initiate of Gozag.
             Slain by a yak (9 damage)
             ... on level 2 of the Lair of Beasts.
             The game lasted 00:07:53 (7802 turns).

112233 the Mimic (Demonspawn Shapeshifter)          Turns: 7802, Time: 00:07:54

Health: -3/91      AC:  5    Str: 18    XL:     11   Next: 7%
Magic:  11/11      EV: 17    Int: 11    God:    Gozag
Gold:   282        SH:  0    Dex: 19    Spells: 10/10 levels left

rFire   + . .        u - +9 quarterstaff of Mimn {heavy, rCorr Stlth+}
rCold   + . .        (shield currently unavailable)
rNeg    . . .        n - +1 robe {rC+ rF+}
rPois   .            (helmet currently unavailable)
rElec   .            (cloak currently unavailable)
rCorr   +            (gloves currently unavailable)
SInv    .            (boots currently unavailable)
Will    .....        (no amulet)
Stlth   +++++        v - +6 ring of dexterity
HPRegen 0.35/turn    E - ring of Shadows {Umbra +Inv Stlth+}
MPRegen 0.12/turn

%: no passive effects
@: beast-form, wreathed by umbra
A: beast (slay +4), claws 1, rugged brown scales 2, demonic guardian 2, spiny 2
a: Begin Untransformation, Renounce Religion, Evoke Invisibility, Potion
Petition, Call Merchant, Bribe Branch


You were on level 2 of the Lair of Beasts.
You worshipped Gozag.
Gozag was aware of your devotion.
You were a hulking beast.
You visited 2 branches of the dungeon, and saw 11 of its levels.

You collected 1376 gold pieces.
You paid 1094 gold pieces to Gozag.

Inventory:

Hand Weapons
 i - a +2 dagger of venom
 m - a +2 vampiric spear
 u - the +9 quarterstaff of Mimn (weapon) {heavy, rCorr Stlth+}
   (You found it on level 4 of the Dungeon)

   rCorr:     It protects you from acid and corrosion.
   Stlth+:    It makes you more stealthy.
 P - the +6 short sword of the Cursing Fox {freeze, rF+ Will+ Int-2}
   (You found it on level 8 of the Dungeon)

   Int-2:     It affects your intelligence (-2).
   rF+:       It protects you from fire.
   Will+:     It increases your willpower.
Missiles
 e - 7 poisoned darts (quivered)
 h - 4 javelins
 k - 2 atropa-tipped darts
Armour
 a - a +0 animal skin
 n - a +1 robe of resistance (worn)
 y - a +0 hat
 z - an orb of mayhem
 K - a +0 pair of gloves
 Q - a +0 buckler
Jewellery
 v - a +6 ring of dexterity (left claw)
 A - a +6 ring of dexterity
 E - the ring of Shadows (right claw) {Umbra +Inv Stlth+}
   (You found it on level 6 of the Dungeon)

   [ring of stealth]

   Umbra:     It surrounds you with an aura of shadow, increasing your stealth
   and reducing the accuracy of all others within it.
   +Inv:      It lets you turn invisible.
   Stlth+:    It makes you more stealthy.
 I - a +6 ring of intelligence
 M - a +6 ring of strength
 O - an amulet of guardian spirit
 S - a ring of magical power
Talismans
 c - a beast talisman
 d - a flux talisman
Wands
 o - a wand of quicksilver (7)
 H - a wand of polymorph (10)
 L - a wand of mindburst (7)
Scrolls
 f - 8 scrolls of identify {unknown}
 g - a scroll of amnesia {unknown}
 j - a scroll of poison
 l - 3 scrolls of noise {unknown}
 q - 2 scrolls of immolation {unknown}
 t - 3 scrolls of teleportation {unknown}
 x - 2 scrolls of enchant weapon {unknown}
 C - a scroll of fog {unknown}
 G - a scroll of fear {unknown}
 N - a scroll of vulnerability {unknown}
Potions
 b - a potion of lignification
 p - 5 potions of heal wounds {unknown}
 r - 3 potions of might {unknown}
 s - 2 potions of degeneration {unknown}
 w - 2 potions of invisibility {unknown}
 B - 4 potions of attraction {unknown}
 D - a potion of haste {unknown}
 J - a potion of cancellation {unknown}
 R - a potion of resistance {unknown}


   Skills:
 + Level 8.3 Fighting
 + Level 7.8 Dodging
 + Level 8.1 Unarmed Combat
 + Level 8.6 Shapeshifting


You had 10 spell levels left.
You didn't know any spells.
Your spell library contained the following spells:

 Spells                   Type           Power      Damage    Failure   Level
 Magic Dart               Conj           0%         1d3       34%         1
 Necrotise                Necr           0%         1d4       34%         1
 Slow                     Hex            0%         N/A       34%         1
 Blink                    Tloc           0%         N/A       47%         2
 Call Imp                 Summ           0%         N/A       47%         2
 Ensorcelled Hibernation  Hex/Ice        0%         N/A       47%         2
 Confusing Touch          Hex            0%         N/A       71%         3
 Fugue of the Fallen      Necr           0%         N/A       71%         3
 Inner Flame              Hex/Fire       0%         N/A       71%         3
 Sigil of Binding         Hex            0%         N/A       71%         3
 Vampiric Draining        Necr           0%         2d6       71%         3
 Anguish                  Hex/Necr       0%         N/A       98%         4
 Martyr's Knell           Necr/Summ      0%         N/A       98%         4
 Curse of Agony           Necr           0%         N/A       100%        5
 Irradiate                Conj/Alch      0%         3d11      100%        5
 Ignition                 Fire           0%         3d3       100%        8


Dungeon Overview and Level Annotations

Branches:
Dungeon (9/15)             Temple (0/1) D:7            Lair (2/5) D:8
  Swamp: Lair:2-3    Shoals: Lair:2-3     Snake: Lair:2-3    Spider: Lair:2-3
    Orc: D:9-12

Altars:
Fedhas
Gozag
Okawaru
Trog
Xom

Shops:
D:1 (   D:2 *

Annotations:
D:4 2 runed translucent doors, mursu's ghost, amateur DgFi
D:5 3 runed translucent doors, koorschki's ghost, novice AtFi
D:8 exclusion: downstairs
Lair:1 3 runed translucent doors


Innate Abilities, Weirdness & Mutations

You are a hulking beast.
Your limbs bulge with bestial killing power. (Slay +4)
You have sharp fingernails.
You are mostly covered in rugged brown scales. (AC +2, +5% HP)
A demonic guardian rushes to your aid.
You are mostly covered in sharp spines.


Message History

You kill the yak!
The yak gores you!
You are too injured to fight recklessly!
You are too injured to fight recklessly!
You closely miss the yak. The yak gores you!
* * * LOW HITPOINT WARNING * * *
The yak is struck by your spines. The yak gores you but does no damage.
The yak gores you!
* * * LOW HITPOINT WARNING * * *
A demonic guardian appears!
The yak is struck by your spines. The yak barely misses you.
The yak attacks as it pursues you! The yak closely misses you.
The yak attacks as it pursues you! The yak is struck by your spines.
The yak gores you!
* * * LOW HITPOINT WARNING * * *
You swap places.
The yak closely misses your hellwing. The yak gores your hellwing!
Your hellwing hits the yak.
Your hellwing hits the yak but does no damage.
You feel better.
The yak gores your hellwing but does no damage. x2
Your hellwing hits the yak. Your hellwing hits the yak!
Unknown command.
Okay, then.
You feel better. The yak gores you.
* * * LOW HITPOINT WARNING * * *
The yak gores your hellwing. x2; Your hellwing hits the yak!
Your hellwing hits the yak but does no damage.
Unknown command.
The yak attacks as it pursues you! The yak is struck by your spines.
The yak gores you!
* * * LOW HITPOINT WARNING * * *
Okay, then.
Okay, then.
Okay, then.
Okay, then.
You barely miss the yak.
The yak is lightly wounded.
The yak is struck by your spines. The yak gores you!
You die...
Your body crumbles into a pile of gold.

..# #...........## #...# ..#
#...........# ##..# ..###
#.........[.# #..# .$..#######
#..........## #..#
...#...##.###...$##.#..# #..#
.............<.#YY...#.## #...
....$..........#4......#.#####..#
.........###.#.Y##.#+..#.P#..#..#
......Y..# ###..h................
.........# #..................#
.........# #...................#
.........# ##..................#
.........# #..#.#.............P
.........# #.....P....##.##...#
.........# ...............#...#
##.P ...........#....
#............#


You could see a yak.

Vanquished Creatures
  Gastronok (Lair:1)
  Pikel (D:7)
  A black mamba (Lair:2)
  A cane toad (Lair:2)
  A troll (D:8)
  4 blink frogs (Lair:1)
  Sigmund (D:5)
  4 wyverns
  9 yaks
  A basilisk (D:8)
  A steam dragon (Lair:2)
  Menkaure (D:7)
  An acid dragon (D:7)
  A water moccasin (Lair:1)
  4 ice beasts
  A black bear (D:8)
  2 ogres
  A centaur (D:6)
  A lemure (D:7)
  A kobold brigand (D:8)
  5 bullfrogs
  A scorpion (D:6)
  6 killer bees (D:8)
  3 howler monkeys (D:8)
  2 bombardier beetles (D:6)
  6 orc priests
  3 hounds
  A jelly (D:5)
  Jessica (D:2)
  3 sleepcaps
  6 iguanas
  4 orc wizards
  3 gnolls (D:5)
  7 adders
  24 orcs
  7 bats
  4 endoplasms
  A giant cockroach (D:3)
  9 goblins
  6 hobgoblins
  4 jackals (D:1)
  3 quokkas
  6 ball pythons
  4 frilled lizards
  13 kobolds
  4 rats
174 creatures vanquished.

Vanquished Creatures (collateral kills)
  A gnoll bouda (D:5)
1 creature vanquished.

Grand Total: 175 creatures vanquished

Notes
Turn   | Place    | Note
-------+----------+-------------------------------------------
     0 | D:1      | 112233 the Demonspawn Shapeshifter began the quest for the
                  | Orb.
     0 | D:1      | Reached XP level 1. HP: 15/15 MP: 1/1
   135 | D:1      | Found a faded altar of an unknown god.
   157 | D:1      | Gained mutation: You are partially covered in sharp spines.
                  | [demonic ancestry]
   157 | D:1      | Reached XP level 2. HP: 18/21 MP: 2/2
   180 | D:1      | Found Liwnituo's Antique Weapon Shop.
   645 | D:2      | Reached XP level 3. HP: 26/26 MP: 3/3
   811 | D:2      | Found Vazxiqaag's Assorted Antiques.
   916 | D:2      | Noticed Jessica
   920 | D:2      | Killed Jessica
   921 | D:2      | Gained mutation: You are partially covered in rugged brown
                  | scales. (AC +1, +3% HP) [demonic ancestry]
   921 | D:2      | Reached XP level 4. HP: 26/32 MP: 4/4
  1873 | D:3      | Found an opulent altar of Gozag.
  1988 | D:3      | Became a worshipper of Gozag Ym Sagoz the Greedy
  2036 | D:4      | Gained mutation: You have sharp fingernails. [demonic
                  | ancestry]
  2036 | D:4      | Reached XP level 5. HP: 19/38 MP: 5/5
  2171 | D:4      | Found a large runed translucent door.
  2172 | D:4      | Found a large runed translucent door.
  2174 | D:4      | Noticed mursu's ghost (amateur DgFi)
  2208 | D:4      | Noticed an ogre
  2214 | D:4      | Killed an ogre
  2215 | D:4      | Reached skill level 5 in Shapeshifting
  2228 | D:4      | Identified the +9 quarterstaff of Mimn {heavy, rCorr
                  | Stlth+}
  2318 | D:4      | Gained mutation: You are mostly covered in sharp spines.
                  | [demonic ancestry]
  2318 | D:4      | Reached XP level 6. HP: 45/45 MP: 6/6
  2564 | D:5      | Entered Level 5 of the Dungeon
  2564 | D:5      | Noticed Sigmund
  2585 | D:5      | Noticed an ice beast
  2590 | D:5      | Killed an ice beast
  2601 | D:5      | Noticed an ice beast
  2610 | D:5      | Killed an ice beast
  2641 | D:5      | Gained mutation: A weak demonic guardian rushes to your
                  | aid. [demonic ancestry]
  2641 | D:5      | Reached XP level 7. HP: 12/52 MP: 7/7
  3000 | D:5      | Killed Sigmund
  3038 | D:5      | Gained mutation: You are mostly covered in rugged brown
                  | scales. (AC +2, +5% HP) [demonic ancestry]
  3038 | D:5      | Reached XP level 8. HP: 54/63 MP: 8/8
  3116 | D:5      | Found a bloodstained altar of Trog.
  3227 | D:5      | Found a runed translucent gate.
  3227 | D:5      | Found a runed translucent gate.
  3227 | D:5      | Found a runed translucent gate.
  3228 | D:5      | Noticed koorschki's ghost (novice AtFi)
  3511 | D:6      | Found a blossoming altar of Fedhas.
  3512 | D:6      | Found an iron altar of Okawaru.
  3715 | D:6      | Found the ring of Shadows {Umbra +Inv Stlth+}
  3871 | D:6      | Reached skill level 5 in Unarmed Combat
  4043 | D:7      | Reached skill level 5 in Fighting
  4100 | D:7      | Found a staircase to the Ecumenical Temple.
  4284 | D:7      | Noticed Menkaure
  4286 | D:7      | Killed Menkaure
  4287 | D:7      | Reached skill level 5 in Dodging
  4289 | D:7      | Reached XP level 9. HP: 44/71 MP: 9/9
  4782 | D:7      | Noticed Pikel
  4785 | D:7      | Killed Pikel
  5274 | D:8      | Found a staircase to the Lair.
  5337 | D:8      | Identified the +6 short sword of the Cursing Fox {freeze,
                  | rF+ Will+ Int-2}
  5480 | D:8      | Found a shimmering altar of Xom.
  5693 | D:8      | Noticed a troll
  5700 | D:8      | Killed a troll
  5745 | D:8      | Identified the +0 robe of Qazlal's Envy {^Drain rCorr
                  | Int+3}
  5947 | D:8      | Reached XP level 10. HP: 75/80 MP: 10/10
  6676 | Lair:1   | Entered Level 1 of the Lair of Beasts
  6694 | Lair:1   | Noticed Gastronok
  6711 | Lair:1   | Killed Gastronok
  7192 | Lair:1   | Found a runed translucent gate.
  7192 | Lair:1   | Found a runed translucent gate.
  7192 | Lair:1   | Found a runed translucent gate.
  7209 | Lair:1   | Noticed a cane toad
  7260 | Lair:2   | Noticed a cane toad
  7271 | Lair:2   | Killed a cane toad
  7626 | Lair:2   | Noticed a black mamba
  7631 | Lair:2   | Killed a black mamba
  7632 | Lair:2   | Gained mutation: A demonic guardian rushes to your aid.
                  | [demonic ancestry]
  7632 | Lair:2   | Reached XP level 11. HP: 67/90 MP: 11/11
  7797 | Lair:2   | HP: 3/91 [yak (13)]
  7802 | Lair:2   | Slain by a yak

Illustrated notes

Levels and vault maps discovered:
D:1:      wheals_arrival_shading, layout_rooms, serial_shops,
          nicolae_shop_advertising_works [nicolae_subvault_shop_adworks],
          shapermc_ecumenical_altar_starsandcircs, minmay_split_cup_small
D:2:      layout_loops_ring, serial_shops, shop, uniq_jessica
D:3:      layout_basic, nicolae_gozag_seed_capital
D:4:      layout_gridville, ebering_ghost_disaster_area,
          minmay_misc_feat_enclosed, hellmonk_no_cap
D:5:      layout_cave_pools, trog_three_pillars_becter,
          gammafunk_ghost_nasty_kobolds, serial_column_ruins,
          column_ruins_grid_3, column_ruins_columns_corner,
          column_ruins_open_tiny, column_ruins_open_tiny, column_ruins_grid_1,
          uniq_sigmund
D:6:      layout_gridville, chequers_temple_overflow_statue_of_worship
D:7:      layout_gridville, minmay_temple_entry_statues_pillars, uniq_pikel,
          uniq_menkaure
D:8:      layout_loops_corners, regret_index_xom_buried_treasure,
          david_lair_generic
D:9:      wad_cavern_with_rooms, layout_basic, nicolae_dithmenos_shadow_blocks,
          grunt_temple_overflow_open, enter_bailey_2, uniq_harold, uniq_psyche
Lair:1:   layout_regular_city, ebering_ghost_rock_garden, uniq_gastronok,
          uniq_jeremiah
Lair:2:   layout_chaotic_city

Skill      XL: |  1  2  3  4  5  6  7  8  9 10 |
---------------+-------------------------------+-----
Shapeshifting  | 3 4 5 6 7 8 |  8.6
Dodging        | 2 3 5 6 7 |  7.8
Unarmed Combat | 3 4 5 6 8 |  8.1
Fighting       | 2 3 5 6 8 |  8.3

Action                     |  1- 3 |  4- 6 |  7- 9 | 10-12 || total
---------------------------+-------+-------+-------+-------++-------
  Melee: Unarmed           |    53 |       |       |       ||    53
         Dagger            |    18 |    47 |       |       ||    65
         Quarterstaff      |       |    18 |    99 |    63 ||   180
  Throw: Dart              |       |       |     5 |     2 ||     7
 Invoke: Potion Petition   |       |       |     1 |     1 ||     2
  Evoke: Wand              |       |     2 |       |     1 ||     3
    Use: Potion            |       |       |     3 |     3 ||     6
         Scroll            |       |       |       |     1 ||     1
   Stab: Sleeping          |     1 |       |     5 |     4 ||    10
         Distracted        |       |     2 |       |     1 ||     3
         Invisible         |       |       |     2 |       ||     2
 Armour: Animal skin       |    30 |    29 |    14 |       ||    73
         Robe              |       |       |    57 |    44 ||   101
         Skin              |       |       |       |     4 ||     4
  Dodge: Dodged            |    34 |    44 |    92 |    74 ||   244
